Map: [ESL] Data-C

Players

Lambo

  • Race: Zerg Zerg
  • Spawn Location: 9:00

Ryung - Winner!

  • Race: Terran Terran
  • Spawn Location: 3:00

Event: TSL 9

VOD

Have the link to the VOD?

Description

Time

  • Played on: July 30, 2022, 8:11 a.m.
  • Length: 3:52

All games in this series

Show
View Real Time Build Order
Export as new Build Order

Lambo Zerg 

Build Orders: Hatch First 

Get SALT Encoding   

  12  0:00  Drone  
  13  0:12  Overlord  
  13  0:19  Drone  
  14  0:31  Drone x2  
  16  0:49  Hatchery  
  15  0:52  Drone  
  15  0:55  Drone  
  17  0:58  Drone  
  18  1:09  Extractor  
  17  1:13  Spawning Pool  
  17  1:17  Drone  
  17  1:20  Drone  
  18  1:29  Drone  
  19  1:39  Drone  
  20  1:50  Overlord  
  20  2:00  Queen x2  
  24  2:01  Zergling x2  
  24  2:02  Zergling x2  
  26  2:11  Drone x2  
  26  2:15  Metabolic Boost  
  28  2:22  Drone x2  
  30  2:35  Hatchery  
  29  2:39  Drone  
  29  2:42  Drone  
  31  2:45  Drone  
  32  2:54  Overlord  
  32  2:57  Drone  
  33  2:59  Drone  
  35  3:07  Spine Crawler  
  35  3:08  Spine Crawler  
  35  3:10  Spine Crawler  
  35  3:12  Queen  
  34  3:15  Zergling x2, Spine Crawler  
  34  3:21  Zergling x2  
Show
View Real Time Build Order
Export as new Build Order

Ryung Terran - Winner!

Build Orders:  

Get SALT Encoding   

  12  0:00  SCV  
  13  0:12  SCV  
  14  0:18  Supply Depot  
  14  0:24  SCV  
  15  0:39  Barracks  
  15  0:50  Barracks  
  15  1:06  Barracks  
  15  1:18  Barracks  
  15  1:25  SCV  
  16  1:27  Marine  
  17  1:39  Marine  
  18  1:45  Marine  
  18  1:46  Supply Depot  
  19  1:52  Marine  
  20  1:57  Marine  
  21  2:03  Marine  
  21  2:05  Marine  
  23  2:11  Marine  
  23  2:14  Marine  
  25  2:20  Marine  
  26  2:27  Marine  
  27  2:32  Supply Depot  
  27  2:35  Marine  
  28  2:40  Marine  
  29  2:44  Marine  
  29  2:50  Marine  
  31  2:56  Marine  
  32  3:00  Marine  
  33  3:07  Marine  
  34  3:18  Marine x3  
Tags
 
Event
TSL 9
Matchup
TvZ
Spawn Locations
Cross Positions
Add a new tag
Caveats
  • Supply blocks, unpowered buildings, or Contaminate may cause inaccurate times.
  • Supply counts are checked every 10 seconds.